 Seeded DCSS version 0.28.0-53-g5a82cb258f (webtiles) character file.

Game seed: 123456789 (custom seed)

46 Kazon the Shield-Bearer (level 3, -1/20 HPs)
             Began as a Vine Stalker Fighter on July 21, 2022.
             Slain by a goblin
             ... wielding a +0 dagger
             ... led by Robin
              (2 damage)
             ... on level 2 of the Dungeon.
             The game lasted 00:04:48 (1408 turns).

Kazon the Shield-Bearer (Vine Stalker Fighter)      Turns: 1408, Time: 00:04:48

Health: -1/20      AC:  6    Str: 20    XL:     3   Next: 68%
Magic:  0/4        EV:  9    Int:  8    God:
Gold:   27         SH:  4    Dex: 13    Spells: 2/2 levels left

rFire   . . .      SeeInvis .   a - +0 flail
rCold   . . .      Faith    .   c - +0 buckler
rNeg    . . .      Spirit   +   b - +0 scale mail
rPois   .          Reflect  .   (no helmet)
rElec   .          Harm     .   (no cloak)
rCorr   .          Rampage  .   (no gloves)
Will    .....                   (no boots)
Stlth   ..........              (no amulet)
HPRegen 0.06/turn               (no ring)
MPRegen 0.09/turn               (no ring)

@: no status effects
A: fangs 2, magic shield, antimagic bite, no potion heal 2
a: no special abilities


You were on level 2 of the Dungeon.
You visited 1 branch of the dungeon, and saw 3 of its levels.

You collected 27 gold pieces.

Inventory:

Hand Weapons
 a - a +0 flail (weapon)
Missiles
 g - 2 stones (quivered)
 h - 18 bolts
Armour
 b - a +0 scale mail (worn)
 c - a +0 buckler (worn)
Scrolls
 f - a scroll of magic mapping
 i - a scroll of identify {unknown}
 j - a scroll of fear {unknown}


   Skills:
 + Level 3.0 Fighting
 + Level 2.3 Maces & Flails
 + Level 2.7 Armour
 + Level 0.3 Dodging
 + Level 0.5 Stealth
 + Level 3.1 Shields


You had 2 spell levels left.
You didn't know any spells.
Your spell library contained the following spells:

 Spells                   Type           Power      Damage    Failure   Level
 Animate Skeleton         Necr           0%         N/A       86%         1
 Pain                     Necr           0%         1d4       86%         1
 Tukima's Dance           Hex            0%         N/A       99%         3
 Vampiric Draining        Necr           0%         2d6       99%         3
 Anguish                  Hex/Necr       0%         N/A       100%        4
 Enfeeble                 Hex            0%         N/A       100%        7


Dungeon Overview and Level Annotations

Branches:
Dungeon (3/15)

Altars:

Annotations:
D:2 Robin, Sigmund


Innate Abilities, Weirdness & Mutations

You have extremely sharp teeth.
When hurt, damage is shared between your health and your magic reserves.
Your bite disrupts and absorbs the magic of your enemies.
Potions cannot restore your health.


Message History

You barely miss the adder. Your bite misses the adder.
The adder bites you but does no damage. The goblin barely misses you.
The goblin hits you with a +0 dagger.
* * * LOW HITPOINT WARNING * * *
The adder bites you but does no damage.
You barely miss the adder. Your bite misses the adder. The adder bites you.
The goblin barely misses you.
Unknown command.
You barely miss the adder. The adder bites you but does no damage.
The goblin hits you with a +0 dagger.
* * * LOW HITPOINT WARNING * * *
The adder bites you but does no damage.
You sock the adder!
The adder is severely wounded.
Sigmund mumbles some strange words.
Sigmund flickers and vanishes!
Deactivating autopickup; reactivate with Ctrl-A.
The adder bites you but does no damage. You block the goblin's attack.
The adder bites you but does no damage. The goblin closely misses you.
You miss the adder.
The adder is severely wounded.
The adder bites you.
* * * LOW HITPOINT WARNING * * *
You block the goblin's attack.
You hit the adder.
You kill the adder!
The goblin hits you with a +0 dagger.
* * * LOW HITPOINT WARNING * * *
A worm comes into view.
You see here an adder corpse.
Robin throws the goblin at you! The goblin completely misses you.
You thump the goblin!
You kill the goblin!
You block the goblin's attack. Robin throws the goblin at you!
The goblin misses you. The goblin hits you with a +0 dagger.
* * * LOW HITPOINT WARNING * * *
You thump the goblin!
You kill the goblin!
The goblin hits you with a +0 dagger.
You die...

##.#.# #....#
#..#.# #..######
# #.....).#.#
###.).###.#.####
#gggg....g.....#
#g#.g.###.#.##.##
#@#.....#)#+##..#
#)#..##.........#
#w#.[.#.........#
#.#####.........#
#.. ............#
#.######.(....g..
#.# #########.
#..


You could see a worm, Robin and 2 goblins.

Vanquished Creatures
  An adder (D:2)
  A dart slug (D:1)
  3 bats (D:1)
  3 endoplasms (D:1)
  2 giant cockroaches (D:1)
  7 goblins
  2 hobgoblins (D:1)
  2 jackals (D:1)
  2 quokkas (D:1)
  A ball python (D:1)
  2 frilled lizards (D:1)
  2 kobolds (D:1)
  3 rats (D:1)
31 creatures vanquished.

Notes
Turn   | Place    | Note
-------+----------+-------------------------------------------
     0 | D:1      | Kazon the Vine Stalker Fighter began the quest for the Orb.
     0 | D:1      | Reached XP level 1. HP: 11/11 MP: 2/2
   182 | D:1      | Reached XP level 2. HP: 16/16 MP: 3/3
   476 | D:1      | Found a faded altar of an unknown god.
   643 | D:1      | Reached XP level 3. HP: 19/19 MP: 4/4
   972 | D:2      | Noticed Robin
  1000 | D:2      | HP: 1/20 [goblin/+0 dagger[Robin] (2)]
  1364 | D:2      | You fall into a shaft and drop 1 floor!
  1397 | D:2      | Noticed Sigmund
  1404 | D:2      | HP: 1/20 [goblin/+0 dagger[Robin] (1)]
  1408 | D:2      | Slain by a goblin

Illustrated notes

Levels and vault maps discovered:
D:1:      co_arrival_random_square_maze, layout_loops_cross,
          ebering_ecumenical_altar_petrified
D:2:      layout_basic, uniq_sigmund, uniq_crazy_yiuf_cottage, uniq_robin
D:3:      wad_pebble_path, layout_basic, uniq_ijyb

Skill      XL: |  1  2  3 |
---------------+----------+-----
Maces & Flails | 2 |  2.3
Shields        | 3 |  3.1
Fighting       | 3 |  3.0
Armour         | |  2.7
Dodging        | |  0.3
Stealth        | |  0.5

Action                   || total
-------------------------++-------
Melee: Flail             ||    83
       Bite              ||    13
  Use: Potion            ||     2
       Scroll            ||     1
Armor: Scale mail        ||    62
Dodge: Dodged            ||    63
Block: Buckler           ||    35
